Map: The Vermillion Problem

Players

MattBarry

  • Race: Zerg Zerg

Alebay

  • Race: Protoss Protoss
  • Spawn Location: 11:00

VOD

Have the link to the VOD?

Description

Time

  • Played on: Jan. 5, 2023, 12:12 a.m.
  • Length: 20:56
Show
View Real Time Build Order
Export as new Build Order

MattBarry Zerg 

Build Orders:  

Get SALT Encoding   

  18  0:03  Primal Drone  
  19  0:11  Primal Drone  
  19  0:18  Primal Drone  
  21  0:24  Primal Drone  
  22  0:40  Primal Drone  
  22  0:49  Primal Drone  
  24  0:59  Primal Warden  
  25  1:05  Extractor  
  25  1:27  Primal Drone x2  
  27  1:44  Extractor  
  27  2:43  Glevig's Den  
  27  2:46  Primal Drone  
  27  3:04  Primal Drone  
  28  3:11  Primal Drone  
  29  3:32  Primal Drone  
  30  3:51  Primal Drone  
  31  4:07  Primal Drone  
  32  4:10  Primal Drone  
  32  4:12  Primal Drone x2  
  35  4:22  Murvar's Den  
  35  4:28  Primal Warden  
  35  5:13  Primal Drone x2  
  38  5:20  Primal Wurm  
  38  6:15  Primal Drone x3  
  38  6:16  Primal Drone x2  
  43  6:34  Primal Roach  
  43  6:35  Primal Roach x6  
  43  6:36  Primal Roach x3  
  63  6:45  Primal Attacks Level 1  
  63  6:56  Primal Hive  
  68  7:08  Dakrun's Den  
  67  7:15  Primal Warden  
  67  7:18  Primal Warden  
  67  8:55  Explosive Spores  
  67  9:01  Primal Guardian x3  
  67  9:02  Primal Guardian  
  67  9:06  Primal Roach  
  67  9:07  Primal Roach x8  
  81  9:36  Glial Reconstitution  
  81  10:34  Primal Attacks Level 2  
  71  12:31  Primal Hive  
  71  12:46  Primal Roach x2  
  71  12:47  Primal Roach x2  
  71  12:48  Primal Roach  
  81  13:02  Primal Zergling  
  75  13:24  Extractor  
  72  13:34  Primal Hydralisk x2  
  72  13:35  Primal Hydralisk x5  
  72  13:36  Primal Hydralisk x2  
  72  13:37  Primal Hydralisk  
  64  14:15  Primal Drone  
  64  14:16  Primal Drone x4  
Show
View Real Time Build Order
Export as new Build Order

Alebay Protoss 

Build Orders:  

Get SALT Encoding   

  12  0:03  Probe (Chrono Boost)  
  13  0:17  Probe (Chrono Boost)  
  14  0:29  Pylon  
  14  0:32  Probe (Chrono Boost)  
  15  0:44  Assimilator  
  15  0:53  Probe (Chrono Boost)  
  16  1:07  Probe (Chrono Boost)  
  16  1:08  Gateway  
  17  1:21  Probe (Chrono Boost)  
  18  1:35  Probe (Chrono Boost)  
  18  1:37  Forge  
  19  1:49  Probe (Chrono Boost)  
  19  1:53  Pylon  
  20  2:03  Probe (Chrono Boost)  
  21  2:11  Pylon  
  21  2:17  Assimilator, Probe (Chrono Boost)  
  22  2:31  Probe (Chrono Boost)  
  23  2:40  Cybernetics Core  
  23  2:45  Probe (Chrono Boost)  
  24  2:59  Probe (Chrono Boost)  
  25  3:13  Probe (Chrono Boost)  
  25  3:17  Supplicant x2  
  30  3:27  Probe (Chrono Boost)  
  31  3:34  Warp Gate  
  31  3:46  Pylon  
  31  3:48  Gateway  
  31  4:02  Photon Cannon  
  31  4:04  Photon Cannon  
  31  4:08  Probe (Chrono Boost)  
  28  4:44  Gateway  
  28  4:47  Gateway  
  28  4:52  Photon Cannon  
  28  4:59  Supplicant x2  
  32  5:14  Supplicant x2  
  36  6:01  Slayer x2  
  40  6:20  Protoss Air Weapons Level 1, Protoss Ground Weapons Level 1  
  40  6:31  Death Council  
  34  6:59  Slayer x4  
  40  7:37  Slayer x3  
  46  7:54  Pylon  
  46  7:57  Pylon  
  46  7:59  Pylon  
  46  8:13  Probe (Chrono Boost)  
  47  8:24  Supplicant x2  
  47  8:25  Supplicant x2  
  55  8:49  Supplicant x4  
  63  9:00  Protoss Ground Armor Level 1, Protoss Air Armor Level 1  
  63  9:07  Pylon  
  63  9:10  Pylon  
  63  9:15  Pylon  
  63  9:22  Supplicant x2  
  67  10:03  Supplicant x2  
  67  10:04  Supplicant x2  
  75  10:13  Blood Shields  
  75  10:36  Pylon  
  46  11:13  Phase Blink  
  44  11:21  Slayer x4  
  50  11:40  Protoss Air Weapons Level 2, Protoss Ground Weapons Level 2  
  50  12:10  Nexus  
  50  12:13  Pylon  
  49  13:01  Slayer x2  
  49  13:02  Slayer x2  
  49  13:34  Slayer x3  
  49  13:35  Slayer  
  31  14:21  Supplicant x8  
  25  14:43  Slayer x2  
  25  14:44  Slayer  
  25  15:19  Slayer  
  1  16:20  Probe (Chrono Boost)  
  1  16:23  Probe (Chrono Boost)  
  3  16:34  Probe (Chrono Boost)  
  3  16:37  Probe (Chrono Boost)  
  5  16:47  Probe (Chrono Boost)  
  4  17:01  Probe (Chrono Boost)  
  5  17:15  Probe (Chrono Boost)  
Tags
 
Add a new tag
Caveats
  • Supply blocks, unpowered buildings, or Contaminate may cause inaccurate times.
  • Supply counts are checked every 10 seconds.